 Dungeon Crawl Stone Soup version 0.17.1-1-g73c8601 (webtiles) character file.

146 AAAAA the Slasher (level 5, -2/32 HPs)
             Began as a Tengu Fighter on Dec 20, 2015.
             Killed by nerve-wracking pain
             ... invoked by a shadow imp
             ... summoned by Eustachio
              (14 damage)
             ... on level 4 of the Dungeon.
             The game lasted 00:05:07 (2545 turns).

AAAAA the Slasher (Tengu Fighter)                   Turns: 2545, Time: 00:05:07

Health: -2/32      AC:  9    Str: 16      XL:     5   Next: 28%
Magic:  6/6        EV:  6    Int:  8      God:
Gold:   139        SH:  0    Dex: 14 (15) Spells: 0 memorised, 4 levels left

rFire  . . .     SeeInvis .     a - +0 long sword
rCold  . . .     Clarity  .     j - +0 chain mail
rNeg   + . .     SustAt   .     (no shield)
rPois  .         Gourm    .     (helmet restricted)
rElec  .         Spirit   .     (no cloak)
rCorr  .         Warding  .     (no gloves)
rMut   .         Stasis   .     (boots unavailable)
MR     .....                    (no amulet)
Stlth  ..........               p - ring of loudness (curse)
                                h - ring of positive energy

@: not resistant to hostile enchantments, extremely unstealthy
A: beak, talons 3, able to fly 1
a: Fly


You were on level 4 of the Dungeon.
You were hungry.

You visited 1 branch of the dungeon, and saw 4 of its levels.

You collected 139 gold pieces.

Inventory:

Hand Weapons
 a - a +0 long sword (weapon)
Missiles
 i - 5 tomahawks (quivered)
 m - 38 poisoned needles
 A - 3 curare-tipped needles
Armour
 b - a +0 scale mail
 c - a +0 shield
 j - a +0 chain mail (worn)
Jewellery
 h - a ring of positive energy (left hand)
 p - a cursed ring of loudness (right hand)
Scrolls
 o - a scroll of fog
 s - 4 scrolls of recharging
 t - a scroll of magic mapping
 u - a scroll of random uselessness {unknown}
 w - a scroll of teleportation
 y - a scroll of amnesia {unknown}
Potions
 d - 3 potions of might
 g - a potion of poison {unknown}
 l - 4 potions of curing
 n - a potion of flight {unknown}
 q - a potion of heal wounds {unknown}
 v - 2 potions of cancellation {unknown}
 x - a potion of degeneration {unknown}
 z - 2 potions of mutation {unknown}
Comestibles
 e - 2 bread rations
 f - 2 slices of pizza
 k - a meat ration
 r - 4 fruits


   Skills:
 - Level 3.0 Fighting
 + Level 5.8 Long Blades
 - Level 3.2 Armour
 - Level 3.0 Shields


You had 4 spell levels left.
You didn't know any spells.

Dungeon Overview and Level Annotations

Branches:
Dungeon (4/15)
 Temple: D:4-7

Altars:
Ashenzari

Annotations:
D:2 Terence
D:4 Eustachio; JustSomeDude's ghost, amateur DsGl


Innate Abilities, Weirdness & Mutations

You have a beak for a mouth.
You have claws for feet.
You can fly.


Message History

The quasit barely misses you. x2
The quasit claws you but does no damage.
Eustachio hits you with a rapier. The white imp gestures at you.
The puff of frost hits you!
The quasit bites you but does no damage.
The quasit claws you but does no damage. x2
The shadow imp gestures at you.
You barely resist. You closely miss Eustachio. You claw Eustachio.
Your peck misses Eustachio.
Eustachio is almost dead.
The white imp disappears in a puff of smoke!
The quasit bites you but does no damage.
The quasit claws you but does no damage.
The quasit claws you.
You feel clumsy. Eustachio hits you but does no damage.
The shadow imp gestures at you. Pain shoots through your body!
You die...

## #.##
####...##
+.5@@...#.
##ยง5......#
#.##.#####
#<# ## #.#
#.# #.# #.#
..#


You could see Eustachio, a quasit and a shadow imp.

Vanquished Creatures
  A centaur skeleton (D:3)
  3 gnolls (D:2)
  3 adders
  3 worms
  3 giant geckos
  An orc (D:3)
  A ball python (D:3)
  5 bats
  2 giant cockroaches (D:2)
  4 goblins
  7 hobgoblins
  10 kobolds
  A giant newt (D:3)
  3 jackals (D:2)
  4 rats
51 creatures vanquished.

Vanquished Creatures (others)
  A hobgoblin (D:1)
1 creature vanquished.

Grand Total: 52 creatures vanquished

Notes
Turn   | Place    | Note
--------------------------------------------------------------
     0 | D:1      | AAAAA the Tengu Fighter began the quest for the Orb.
     0 | D:1      | Reached XP level 1. HP: 14/14 MP: 2/2
   188 | D:1      | Reached XP level 2. HP: 19/19 MP: 3/3
   636 | D:2      | Reached skill level 4 in Long Blades
   636 | D:2      | Reached XP level 3. HP: 19/23 MP: 4/4
   738 | D:2      | Reached XP level 4. HP: 4/28 MP: 5/5
  1362 | D:2      | Reached skill level 5 in Long Blades
  1416 | D:2      | Noticed Terence
  1734 | D:3      | Found a shattered altar of Ashenzari.
  1931 | D:3      | Gained mutation: You can fly. [Tengu growth]
  1931 | D:3      | Reached XP level 5. HP: 22/32 MP: 6/6
  2184 | D:4      | Noticed JustSomeDude's ghost (amateur DsGl)
  2299 | D:4      | Noticed Eustachio
  2545 | D:4      | Killed from afar by a shadow imp

Action                   |  1- 3 |  4- 6 || total
-------------------------+-------+-------++-------
Melee: Long sword        |    67 |   109 ||   176
 Abil: Fly               |       |     2 ||     2
  Use: Scroll            |       |     4 ||     4
  Eat: Chunk             |       |     5 ||     5
